 Dungeon Crawl Stone Soup version 0.30-a0-870-gc5d4c5acee (webtiles) character file.

Game seed: 12280587182296905978

1091 Rocko1345 the Poker (level 8, -4/68 HPs)
             Began as a Minotaur Monk on Mar 11, 2023.
             Was an Elder of Zin.
             Slain by a troll (7 damage)
             ... on level 6 of the Dungeon.
             The game lasted 00:14:22 (4706 turns).

Rocko1345 the Poker (Minotaur Monk)                 Turns: 4706, Time: 00:14:22

Health: -4/68      AC:  7    Str: 18    XL:     8   Next: 9%
Magic:  8/8        EV: 12    Int: 13    God:    Zin [****..]
Gold:   112        SH:  0    Dex: 13    Spells: 7/7 levels left

rFire   . . .      SeeInvis .    g - +0 halberd
rCold   . . .      Faith    .    (shield currently unavailable)
rNeg    . . .      Spirit   .    k - +0 acid dragon scales
rPois   .          Reflect  .    (helmet restricted)
rElec   .          Rampage  .    v - +0 cloak
rCorr   +                        (no gloves)
Will    .....                    (no boots)
Stlth   +                        (no amulet)
HPRegen 0.31/turn                d - +6 ring of intelligence
MPRegen 0.11/turn                (no ring)

@: confused, ambrosia-drunk, on recite cooldown
A: horns 2, retaliatory headbutt
a: Renounce Religion, Recite, Vitalisation, Imprison, Donate Gold


You were on level 6 of the Dungeon.
You worshipped Zin.
Zin was greatly pleased with you.
You visited 1 branch of the dungeon, and saw 6 of its levels.

You collected 369 gold pieces.
You donated 257 gold pieces to Zin.

Inventory:

Hand Weapons
 a - a +0 hand axe
 e - a +0 shortbow
 g - a +0 halberd (weapon)
 q - a +2 dagger of venom
 r - a +3 dagger
 t - a +0 war axe
Missiles
 C - a throwing net
 G - 3 silver boomerangs (quivered)
Armour
 b - a +0 robe
 k - +0 acid dragon scales (worn)
 p - a +0 leather armour
 v - a +0 cloak (worn)
 y - a +2 leather armour of cold resistance
Magical Staves
 A - a staff of fire
Jewellery
 d - a +6 ring of intelligence (left hand)
 B - a ring of ice
Scrolls
 f - a scroll of vulnerability {unknown}
 h - 2 scrolls of blinking
 i - 2 scrolls of immolation {unknown}
 o - a scroll of acquirement {unknown}
 w - 3 scrolls of teleportation {unknown}
 D - 2 scrolls of brand weapon {unknown}
 F - 2 scrolls of identify
Potions
 c - a potion of ambrosia
 j - 2 potions of haste {unknown}
 l - a potion of flight {unknown}
 n - 3 potions of lignification {unknown}
 s - 2 potions of cancellation {unknown}
 u - a potion of might {unknown}
 x - a potion of resistance {unknown}
 z - a potion of attraction {unknown}
 E - a potion of invisibility {unknown}


   Skills:
 + Level 5.1 Fighting
 + Level 4.0(6.3) Axes
 * Level 7.6(8.2) Polearms
 + Level 2.0(5.1) Staves
 + Level 3.1 Ranged Weapons
 - Level 2.5 Armour
 + Level 4.1 Dodging
 + Level 2.4 Stealth
 * Level 2.4 Invocations


You had 7 spell levels left.
You didn't know any spells.
Your spell library contained the following spells:

 Spells                   Type           Power      Damage    Failure   Level
 Blink                    Tloc           0%         N/A       52%         2
 Lesser Beckoning         Tloc           0%         N/A       52%         2
 Momentum Strike          Conj/Tloc      0%         3d8       52%         2
 Summon Ice Beast         Ice/Summ       0%         N/A       99%         4
 Summon Mana Viper        Hex/Summ       0%         N/A       100%        5
 Monstrous Menagerie      Summ           0%         N/A       100%        7


Dungeon Overview and Level Annotations

Branches:
Dungeon (6/15)
 Temple: D:4-7

Altars:
Fedhas
Kikubaaqudgha
Qazlal
Zin
The Shining One


Innate Abilities, Weirdness & Mutations

You have a pair of horns on your head.
You reflexively headbutt those who attack you in melee.


Message History

You furiously retaliate!
You headbutt the ogre. You barely miss the ogre.
The ogre is almost dead.
The orc closely misses you. You furiously retaliate!
You headbutt the orc. You closely miss the ogre.
The ogre is almost dead.
The ogre misses you. The orc misses you.
You slice the ogre!!
You kill the ogre!
The orc hits you with a +0 falchion.
Unknown command.
You barely miss the orc.
The orc is lightly wounded.
The troll bites you! The troll closely misses you. x2
The orc hits you but does no damage. The troll bites you. The troll misses you.
The troll claws you. The orc barely misses you. You furiously retaliate!
You headbutt the orc, but do no damage. You slice the orc!!
You kill the orc!
The troll bites you! The troll misses you. The troll claws you!
* * * LOW HITPOINT WARNING * * *
You see here a +0 falchion.
Things that are here:
a +0 war axe; a +0 chain mail You are confused.
You feel invigorated. The troll barely misses you. x2
The troll completely misses you. The troll bites you. The troll claws you.
* * * LOW HITPOINT WARNING * * *
The troll barely misses you.
Unknown command.
The troll barely misses you. The troll completely misses you.
The troll claws you but does no damage.
You see here a +0 falchion.
The troll attacks as you move away! The troll bites you!
* * * LOW HITPOINT WARNING * * *
The troll claws you.
* * * LOW HITPOINT WARNING * * *
The troll claws you!
You die...

...........#.#..#....
.....................
..##..##...##.#.......
..##..####.......#....
.....# #.......#....
.##..####.......#.... #
#.......##.#.......
#.##..).)..##.#...##..
#....@................
....##.T............<...
... #.........#.....##..
# #................ ..
.................... #
...##..#####.........##
.. ... ..........# #
.... .....###.# .##.#
#.#.# .#


You could see a troll.

Vanquished Creatures
  An acid dragon (D:5)
  An orc warrior (D:6)
  A black bear (D:5)
  An ogre (D:6)
  A centaur (D:5)
  A phantom (D:5)
  A scorpion (D:4)
  A howler monkey (D:5)
  2 jellies
  4 orc priests
  Crazy Yiuf (D:2)
  An iguana (D:4)
  A sleepcap (D:4)
  An orc wizard (D:3)
  Robin (D:2)
  5 adders
  A white imp (D:5)
  An ufetubus (D:5)
  A worm (D:3)
  2 dart slugs
  16 orcs
  An endoplasm (D:3)
  5 giant cockroaches
  13 goblins
  11 hobgoblins
  6 jackals
  4 kobolds
  2 quokkas
  12 ball pythons
  4 bats
  13 frilled lizards
  3 rats
119 creatures vanquished.

Vanquished Creatures (others)
  An orc zombie (D:3)
  5 plants
6 creatures vanquished.

Grand Total: 125 creatures vanquished

Notes
Turn   | Place    | Note
-------+----------+-------------------------------------------
     0 | D:1      | Rocko1345 the Minotaur Monk began the quest for the Orb.
     0 | D:1      | Reached XP level 1. HP: 19/19 MP: 0/0
   347 | D:1      | Reached XP level 2. HP: 27/27 MP: 1/1
   704 | D:2      | Found a blossoming altar of Fedhas.
   825 | D:2      | Found a runed translucent door.
   826 | D:2      | Noticed Crazy Yiuf
   926 | D:2      | Reached skill level 1 in Ranged Weapons
   936 | D:2      | Noticed Robin
   940 | D:2      | Reached XP level 3. HP: 25/33 MP: 2/2
   957 | D:2      | Killed Robin
   958 | D:2      | Reached skill level 1 in Polearms
  1125 | D:2      | Reached skill level 2 in Polearms
  1125 | D:2      | Reached XP level 4. HP: 40/40 MP: 3/3
  1476 | D:2      | Reached skill level 1 in Armour
  1620 | D:2      | Killed Crazy Yiuf
  1621 | D:2      | Reached skill level 3 in Polearms
  1621 | D:2      | Reached XP level 5. HP: 28/46 MP: 4/4
  2002 | D:3      | Found a stormy altar of Qazlal.
  2182 | D:3      | Reached skill level 1 in Staves
  2233 | D:3      | Found a glowing silver altar of Zin.
  2250 | D:3      | Became a worshipper of Zin the Law-Giver
  2250 | D:3      | Reached * piety under Zin
  2250 | D:3      | Reached ** piety under Zin
  2457 | D:3      | Reached XP level 6. HP: 53/53 MP: 5/5
  2480 | D:3      | Reached *** piety under Zin
  2488 | D:3      | Donated 108 gold pieces to Zin
  2770 | D:4      | Found an ancient bone altar of Kikubaaqudgha.
  2869 | D:4      | Reached skill level 4 in Polearms
  2888 | D:4      | Reached **** piety under Zin
  3401 | D:5      | Entered Level 5 of the Dungeon
  3579 | D:5      | Reached skill level 5 in Polearms
  3595 | D:5      | Reached skill level 1 in Invocations
  3595 | D:5      | Reached XP level 7. HP: 50/60 MP: 6/6
  3723 | D:5      | Reached skill level 6 in Polearms
  4196 | D:5      | Found a glowing golden altar of the Shining One.
  4222 | D:5      | HP: 3/60 [acid dragon (3)]
  4222 | D:5      | HP: 1/60 [acid dragon (2)]
  4228 | D:5      | Reached skill level 5 in Fighting
  4228 | D:5      | Reached skill level 7 in Polearms
  4551 | D:5      | Donated 113 gold pieces to Zin
  4669 | D:6      | Noticed a troll
  4693 | D:6      | Reached XP level 8. HP: 64/68 MP: 8/8
  4706 | D:6      | HP: 3/68 [troll (5)]
  4706 | D:6      | Slain by a troll

Illustrated notes

Levels and vault maps discovered:
D:1:      dpeg_arrival_tiny_a, layout_basic, nicolae_figureground_sparkle
D:2:      layout_loops_ring, basic_altar, minmay_worlds_worst_comb, uniq_robin,
          uniq_crazy_yiuf_cottage
D:3:      cheibrodos_pilgrimage, layout_basic, amcnicky_altar_gilded,
          old_standard_altar, minmay_shallow_snake_nest
D:4:      layout_loops_cross, mainiacjoe_overflow_cross_hatched,
          dreamdust_wishing_well, minmay_lizard_king
D:5:      layout_gridville, lemuel_round_altar
D:6:      layout_basic, nicolae_dithmenos_the_darkroom,
          minmay_temple_entry_enclosed_plants

Skill      XL: |  1  2  3  4  5  6  7 |
---------------+----------------------+-----
Axes           | 4 |  4.0
Fighting       | 4 5 |  5.1
Ranged Weapons | 1 2 3 |  3.1
Polearms       | 2 3 5 7 |  7.6
Armour         | 2 |  2.5
Staves         | 1 2 |  2.0
Stealth        | 2 |  2.4
Invocations    | 1 2 |  2.4
Dodging        | 4 |  4.1

Action                     |  1- 3 |  4- 6 |  7- 9 || total
---------------------------+-------+-------+-------++-------
  Melee: Hand axe          |     3 |       |       ||     3
         Halberd           |    45 |   101 |    42 ||   188
         Headbutt          |     6 |    29 |     5 ||    40
         Quarterstaff      |       |    34 |       ||    34
   Fire: Shortbow          |    40 |     7 |       ||    47
 Invoke: Recite            |       |     1 |     4 ||     5
         Donate Gold       |       |     1 |     1 ||     2
    Use: Scroll            |       |     5 |     1 ||     6
         Potion            |       |       |     7 ||     7
   Stab: Distracted        |       |     1 |       ||     1
         Confused          |       |     1 |       ||     1
         Sleeping          |       |     2 |       ||     2
 Armour: Leather armour    |    13 |    37 |    15 ||    65
         Robe              |     3 |       |       ||     3
         Acid dragon scale |       |       |     4 ||     4
  Dodge: Dodged            |    36 |    64 |    49 ||   149

Table legend: (Time is in decaauts)
 A = Elapsed time spent in this place.
 B = Non-inter-level travel time spent in this place.
 C = Inter-level travel time spent in this place.
 D = Time resting spent in this place.
 E = Time spent auto-exploring this place.
 F = Levels seen in this place.
 G = Mean time per level.
                   A        B        C        D        E       F      G
               +--------+--------+--------+--------+--------+-----+--------+
         Total |   4778 |   4475 |    303 |    765 |   2633 |   6 |  796.3 |
       Dungeon |   4778 |   4475 |    303 |    765 |   2633 |   6 |  796.3 |
               +--------+--------+--------+--------+--------+-----+--------+

Top non-repeatable levels by time:
     D:5: 1260 daAuts
     D:2: 1152 daAuts
     D:3: 960 daAuts
     D:1: 691 daAuts
     D:4: 660 daAuts
     D:6: 51 daAuts
